 Dungeon Crawl Stone Soup version 0.27-a0-1060-gcb85b5eba1 (webtiles) character file.

Game seed: 14811807828674388761

1221 siradein the Cleaver (level 8, -3/64 HPs)
             Began as a Minotaur Fighter on Apr 21, 2021.
             Killed from afar by an electric eel (10 damage)
             ... with a bolt of electricity
             ... on level 6 of the Dungeon.
             The game lasted 00:07:30 (5575 turns).

siradein the Cleaver (Minotaur Fighter)             Turns: 5575, Time: 00:07:31

Health: -3/64      AC:  8    Str: 28    XL:     8   Next: 23%
Magic:  7/7        EV: 10    Int: 11    God:
Gold:   306        SH:  0    Dex: 11    Spells: 7/7 levels left

rFire    . . .     SeeInvis .   r - +0 executioner's axe
rCold    . . .     Faith    .   (shield currently unavailable)
rNeg     . . .     Spirit   .   b - +0 scale mail
rPois    .         Reflect  .   (helmet restricted)
rElec    .         Harm     .   (no cloak)
rCorr    .         Rampage  .   (no gloves)
Will     .....                  i - +0 pair of boots
Stlth    ..........             p - amulet of regeneration
HPRegen  1.20/turn              g - +6 ring of intelligence
MPRegen  0.10/turn              n - +6 ring of strength

@: no status effects
A: horns 2, retaliatory headbutt
a: no special abilities


You were on level 6 of the Dungeon.
You visited 2 branches of the dungeon, and saw 7 of its levels.

You collected 306 gold pieces.

Inventory:

Hand Weapons
 a - a +0 war axe
 r - a +0 executioner's axe (weapon)
Missiles
 m - 19 poisoned darts (quivered)
 t - 2 throwing nets
Armour
 b - a +0 scale mail (worn)
 c - a +0 kite shield
 i - a +0 pair of boots (worn)
Jewellery
 g - a +6 ring of intelligence (left hand)
 n - a +6 ring of strength (right hand)
 p - an amulet of regeneration (around neck)
Scrolls
 e - 5 scrolls of identify {unknown}
 f - 4 scrolls of noise {unknown}
 l - 3 scrolls of teleportation {unknown}
 o - a scroll of fog {unknown}
 s - 2 scrolls of enchant weapon {unknown}
 u - a scroll of amnesia {unknown}
 v - a scroll of enchant armour {unknown}
 w - a scroll of vulnerability {unknown}
Potions
 d - a potion of might
 h - 3 potions of heal wounds {unknown}
 j - a potion of degeneration {unknown}
 k - 2 potions of curing {unknown}
 q - a potion of ambrosia {unknown}
 x - 2 potions of lignification {unknown}


   Skills:
 - Level 3.6 Fighting
 + Level 11.8 Axes
 - Level 3.6 Armour
 - Level 3.6 Shields


You had 7 spell levels left.
You didn't know any spells.
Your spell library contained the following spells:

 Spells                   Type           Power      Damage    Failure   Level
 Apportation              Tloc           0%         N/A       58%         1
 Lesser Beckoning         Tloc           0%         N/A       92%         3
 Tukima's Dance           Hex            0%         N/A       92%         3
 Alistair's Intoxication  Tmut/Pois      0%         N/A       100%        5
 Invisibility             Hex            0%         N/A       100%        6


Dungeon Overview and Level Annotations

Branches:
Dungeon (6/15)             Temple (1/1) D:5

Altars:
Ashenzari
Cheibriados
Dithmenos
Elyvilon
Fedhas
Gozag
Hepliaklqana
Kikubaaqudgha
Makhleb
Nemelex Xobeh
Okawaru
Qazlal
Ru
Sif Muna
Trog
Vehumet
Wu Jian
Xom
Yredelemnul
Zin
The Shining One


Innate Abilities, Weirdness & Mutations

You have a pair of horns on your head.
You reflexively headbutt those who attack you in melee.


Message History

An electric eel comes into view.
The electric eel shoots out a bolt of lightning at you!
The bolt of electricity hits the plant!
The bolt of electricity hits you!
The electric eel shoots out a bolt of lightning at you!
The bolt of electricity hits the plant!
The plant begins to die.
The bolt of electricity hits you.
The electric eel shoots out a bolt of lightning at you!
The bolt of electricity hits you!
The electric eel shoots out a bolt of lightning at you!
The bolt of electricity hits the electric eel.
The electric eel completely resists.
The bolt of electricity hits you!
You start resting.
An electric eel is nearby!
The electric eel shoots out a bolt of lightning at you!
The bolt of electricity hits the plant!
The plant begins to die.
The bolt of electricity hits you!
The electric eel shoots out a bolt of lightning at you!
The bolt of electricity hits you!
The electric eel shoots out a bolt of lightning at you!
The bolt of electricity hits the electric eel.
The electric eel completely resists.
The bolt of electricity misses you. The bolt of electricity hits you!
You hit the electric eel.
The electric eel is lightly wounded.
A nearby plant withers and dies.
The electric eel shoots out a bolt of lightning at you!
The bolt of electricity hits the electric eel.
The electric eel completely resists.
The bolt of electricity hits you! The bolt of electricity hits you.
You slice the electric eel!!
You kill the electric eel!
You hear a splash.
The electric eel shoots out a bolt of lightning at you!
The bolt of electricity hits you!
* * * LOW HITPOINT WARNING * * *
The bolt of electricity hits you!
* * * LOW HITPOINT WARNING * * *
The electric eel shoots out a bolt of lightning at you!
The bolt of electricity hits you!
You die...

......# #.PP♣PPPP≈≈♣.≈#
#.# ## ......# #
#PP♣≈P.PPP♣♣†≈###(# 8(
......#
...PP≈≈P#PP≈≈♣P≈#...# ..
......#
#.P≈≈PP#.#≈P≈≈...####8..
......#
.#.P♣;≈...##.≈P≈.....##..
......#
.P≈P≈P..####P≈♣P.....##8.
....###
..PP≈≈†......≈≈P.....#
...##
.≈≈≈P≈......≈P≈≈.....#
...#
.P.≈P.##@....≈PP.....#
............#
#.###.........#
.....##[... #.#
##...##...# ....## .
#...#########.#### ......
#....# #..... ....##.
......# ###### ###.# .
....#.# .# .PPP.#.#
≈≈P≈.# #


You could see an electric eel.

Vanquished Creatures
  A necrophage (D:5)
  2 ogres
  2 scorpions
  A water moccasin zombie (D:6)
  3 water moccasin skeletons
  3 electric eels (D:6)
  A hound (D:4)
  2 centaur skeletons (D:6)
  2 orc priests
  3 iguanas
  3 orc wizards
  7 adders
  4 gnolls
  A shadow imp (D:6)
  3 worms
  3 dart slugs
  10 orcs
  5 endoplasms
  3 giant cockroaches
  9 goblins
  5 hobgoblins
  8 jackals
  3 quokkas
  8 ball pythons
  10 bats
  7 frilled lizards
  5 kobolds
  8 rats
122 creatures vanquished.

Vanquished Creatures (others)
  7 plants (D:6)
7 creatures vanquished.

Grand Total: 129 creatures vanquished

Notes
Turn   | Place    | Note
-------+----------+-------------------------------------------
     0 | D:1      | siradein the Minotaur Fighter began the quest for the Orb.
     0 | D:1      | Reached XP level 1. HP: 19/19 MP: 0/0
   225 | D:1      | Reached skill level 3 in Axes
   231 | D:1      | Reached XP level 2. HP: 26/26 MP: 1/1
   531 | D:1      | Reached skill level 4 in Axes
   627 | D:1      | Reached XP level 3. HP: 31/31 MP: 2/2
  1128 | D:2      | Reached skill level 5 in Axes
  1285 | D:2      | Found a faded altar of an unknown god.
  1422 | D:2      | Reached XP level 4. HP: 25/39 MP: 3/3
  2303 | D:3      | Reached skill level 6 in Axes
  2771 | D:4      | Reached XP level 5. HP: 36/45 MP: 4/4
  3043 | D:4      | Noticed an ogre
  3064 | D:3      | Reached skill level 7 in Axes
  3298 | D:4      | Killed an ogre
  3299 | D:4      | Reached skill level 8 in Axes
  3299 | D:4      | Reached XP level 6. HP: 19/51 MP: 5/5
  4133 | D:4      | Reached skill level 9 in Axes
  4290 | D:4      | Reached XP level 7. HP: 47/57 MP: 6/6
  4463 | D:5      | Entered Level 5 of the Dungeon
  4659 | D:5      | Found a staircase to the Ecumenical Temple.
  4796 | Temple   | Entered the Ecumenical Temple
  5082 | D:6      | Reached skill level 10 in Axes
  5268 | D:6      | Reached skill level 11 in Axes
  5370 | D:6      | Reached XP level 8. HP: 64/64 MP: 7/7
  5490 | D:6      | Found a sacrificial altar of Ru.
  5575 | D:6      | Killed from afar by an electric eel

Illustrated notes

Levels and vault maps discovered:
D:1:      eino_arrival_water_star, layout_loops_ring, minmay_unequal
D:2:      layout_loops_ring, hellmonk_ecumenical_altar_crossroads,
          kennysheep_cross_bottleneck
D:3:      kennysheep_big_flooded_room, layout_rooms, minmay_misc_feat_five,
          dk_noncrumbling_3, nrook_mini_backslash, minmay_starry_boxes
D:4:      layout_loops_ring
D:5:      layout_rooms, minmay_temple_entry_hall
D:6:      layout_rooms, nicolae_overflow_hidden_temple, serial_bayou,
          serial_bayou_lagoon_a, serial_bayou_shore_b, serial_bayou_shore_a,
          serial_bayou_ford_a, hangedman_decor_push, uniq_blork_the_orc
Temple:   regret_index_temple_chain_breaker

Skill      XL: |  1  2  3  4  5  6  7 |
---------------+----------------------+-----
Axes           | 3 4 5 6 8 9 11 | 11.8
Fighting       | |  3.6
Armour         | |  3.6
Shields        | |  3.6

Action                   |  1- 3 |  4- 6 |  7- 9 || total
-------------------------+-------+-------+-------++-------
Melee: War axe           |   115 |   127 |       ||   242
       Headbutt          |    14 |    21 |    16 ||    51
       Executioner's axe |       |       |    56 ||    56
Armor: Scale mail        |    55 |    48 |    25 ||   128
Dodge: Dodged            |    39 |    36 |    38 ||   113
Block: Kite shield       |    69 |    53 |       ||   122

Table legend: (Time is in decaauts)
 A = Elapsed time spent in this place.
 B = Non-inter-level travel time spent in this place.
 C = Inter-level travel time spent in this place.
 D = Time resting spent in this place.
 E = Time spent auto-exploring this place.
 F = Levels seen in this place.
 G = Mean time per level.
                   A        B        C        D        E       F      G
               +--------+--------+--------+--------+--------+-----+--------+
         Total |   5718 |   5584 |    134 |    275 |   4306 |   7 |  816.9 |
       Dungeon |   5564 |   5430 |    134 |    275 |   4160 |   6 |  927.3 |
        Temple |    154 |    154 |      0 |      0 |    146 |   1 |  154.0 |
               +--------+--------+--------+--------+--------+-----+--------+

Top non-repeatable levels by time:
     D:4: 1495 daAuts
     D:3: 1079 daAuts
     D:2: 998 daAuts
     D:1: 997 daAuts
     D:6: 529 daAuts
     D:5: 464 daAuts
  Temple: 154 daAuts
